 Dungeon Crawl Stone Soup version 0.17.1-3-g152610e (console) character file.

170 Sehdowjr the Conjurer (level 5, -8/28 HPs)
             Began as a Deep Elf Conjurer on Mar 30, 2016.
             Mangled by nublet's ghost (15 damage)
             ... on level 5 of the Dungeon.
             The game lasted 00:12:35 (2730 turns).

Sehdowjr the Conjurer (Deep Elf Conjurer)           Turns: 2730, Time: 00:12:35

Health: -8/28      AC:  2    Str:  5    XL:     5   Next: 25%
Magic:  0/15       EV: 13    Int: 21    God:
Gold:   166        SH:  0    Dex: 15    Spells: 3 memorised, 8 levels left

rFire  . . .     SeeInvis .     (no weapon)
rCold  . . .     Clarity  .     a - +0 robe
rNeg   . . .     SustAt   .     (no shield)
rPois  .         Gourm    .     (no helmet)
rElec  .         Spirit   .     (no cloak)
rCorr  .         Warding  .     (no gloves)
rMut   .         Stasis   .     (no boots)
MR     .....                    (no amulet)
Stlth  ++........               (no ring)
                                (no ring)

@: not resistant to hostile enchantments, unstealthy
A: no striking features
a: no special abilities


You were on level 5 of the Dungeon.
You were not hungry.

You visited 1 branch of the dungeon, and saw 4 of its levels.

You collected 166 gold pieces.

Inventory:

Armour
 a - a +0 robe (worn)
Jewellery
 h - an uncursed ring of see invisible {unknown}
 j - an uncursed amulet of stasis {unknown}
 k - an uncursed ring of poison resistance {unknown}
 m - an uncursed amulet of the gourmand {unknown}
Scrolls
 f - 3 scrolls of identify {unknown}
 g - a scroll of teleportation {unknown}
 i - a scroll of immolation {unknown}
 n - a scroll of remove curse {unknown}
 p - a scroll of magic mapping {unknown}
 q - a scroll of noise {unknown}
Potions
 d - 4 potions of curing {unknown}
 e - 2 potions of heal wounds {unknown}
 o - a potion of poison {unknown}
 r - a potion of degeneration {unknown}
Books
 b - a book of Conjurations

   Spells                             Type                      Level
   a - Magic Dart                     Conjuration                  1
   b - Searing Ray                    Conjuration                  2
   c - Dazzling Spray                 Conjuration/Hexes            3
   d - Fulminant Prism                Conjuration/Hexes            4
   e - Iskenderun's Mystic Blast      Conjuration                  4
   f - Iskenderun's Battlesphere      Conjuration/Charms           5
Comestibles
 c - 2 bread rations
 l - 4 meat rations


   Skills:
 - Level 2.4 Dodging
 - Level 2.4 Stealth
 + Level 5.7 Spellcasting
 + Level 5.9 Conjurations


You had 8 spell levels left.
You knew the following spells:

 Your Spells              Type           Power        Failure   Level  Hunger
a - Magic Dart            Conj           ####         1%          1    None
p - Searing Ray           Conj           ####..       1%          2    None
x - Iskenderun's Mystic   Conj           ####....     12%         4    ####...


Dungeon Overview and Level Annotations

Branches:
Dungeon (5/15)
 Temple: D:4-7

Altars:
Ashenzari

Annotations:
D:5 nublet's ghost, amateur TrNe


Message History

Pain shoots through your body!
Casting: Magic Dart
Confirm with . or Enter, or press ? or * to list all spells.
Aiming: Magic Dart
Press: ? - help, Shift-Dir - straight line, f/p - nublet's ghost
Aim: nublet's ghost (heavily damaged)
The magic dart hits nublet's ghost.
Nublet's ghost is severely damaged.
Nublet's ghost hits you!
* * * LOW HITPOINT WARNING * * *
Casting: Magic Dart
Confirm with . or Enter, or press ? or * to list all spells.
Aiming: Iskenderun's Mystic Blast
Press: ? - help, Shift-Dir - straight line, f/p - nublet's ghost
Aim: nublet's ghost (severely damaged)
The orb of energy hits nublet's ghost.
Nublet's ghost is severely damaged.
The orb of energy explodes!
Nublet's ghost hits you!
Ouch! That really hurt!
You die...

#..# #.##...#.####
##..####.##.........
+...............####
##.(####.##.#..## #..#
#.##.##..# #..#
#.##.##..## . #..#
####.###..#
....##.W#######.###^.##
..%....@.........###..#
....##..#######.####..#
# #..#######......>#
...............####
############.#### ###


You could see nublet's ghost.

Vanquished Creatures
  A hound (D:5)
  7 adders
  2 worms
  2 giant geckos (D:2)
  An orc (D:3)
  9 bats
  10 giant cockroaches
  8 goblins
  8 hobgoblins
  2 jackals (D:2)
  7 kobolds
  4 giant newts
  A quokka (D:2)
  11 rats
73 creatures vanquished.

Vanquished Creatures (others)
  A giant newt (D:1)
1 creature vanquished.

Grand Total: 74 creatures vanquished

Notes
Turn   | Place    | Note
--------------------------------------------------------------
     0 | D:1      | Sehdowjr the Deep Elf Conjurer began the quest for the Orb.
     0 | D:1      | Reached XP level 1. HP: 10/10 MP: 6/6
   164 | D:1      | Reached XP level 2. HP: 15/15 MP: 4/8
  1087 | D:2      | Reached skill level 5 in Conjurations
  1087 | D:2      | Reached XP level 3. HP: 19/19 MP: 8/10
  1285 | D:2      | Found a shattered altar of Ashenzari.
  1289 | D:2      | Saw a vision of the Shoals and the Spider Nest.
  1289 | D:2      | Noticed a merfolk
  1289 | D:2      | Noticed a centaur
  1289 | D:2      | Noticed a merfolk
  1289 | D:2      | Noticed a merfolk
  1289 | D:2      | Noticed a siren
  1289 | D:2      | Noticed a hippogriff
  1289 | D:2      | Noticed a wasp
  1289 | D:2      | Noticed a scorpion
  1289 | D:2      | Noticed a redback
  1289 | D:2      | Noticed a scorpion
  1290 | D:2      | Noticed a hippogriff
  1391 | D:2      | Reached XP level 4. HP: 24/24 MP: 5/12
  1446 | D:2      | Learned a level 4 spell: Iskenderun's Mystic Blast
  1451 | D:2      | Learned a level 2 spell: Searing Ray
  1590 | D:2      | Reached skill level 5 in Spellcasting
  2518 | D:3      | You fall through a shaft for 2 floors!
  2518 | D:5      | Entered Level 5 of the Dungeon
  2614 | D:5      | Reached XP level 5. HP: 28/28 MP: 11/14
  2716 | D:5      | Noticed nublet's ghost (amateur TrNe)
  2730 | D:5      | Mangled by nublet's ghost

Action                   |  1- 3 |  4- 6 || total
-------------------------+-------+-------++-------
Melee: Unarmed           |     1 |       ||     1
 Cast: Magic Dart        |    65 |    90 ||   155
       Iskenderun's Myst |       |     5 ||     5
       Searing Ray       |       |     1 ||     1
  Eat: Meat ration       |     1 |       ||     1
       Chunk             |       |     1 ||     1
